Map: Deathaura LE

Players

SKillous

  • Race: Protoss Protoss
  • League: Grandmaster
  • Spawn Location: 5:00

Reynor - Winner!

  • Race: Zerg Zerg
  • Spawn Location: 11:00

VOD

Have the link to the VOD?

Description

Time

  • Played on: Feb. 25, 2021, 4:02 p.m.
  • Length: 7:45
Show
View Real Time Build Order
Export as new Build Order

SKillous Protoss 

Build Orders: 1 Gate Expand, Oracle Opening 

Get SALT Encoding   

  12  0:00  Probe  
  13  0:12  Probe  
  14  0:17  Pylon  
  14  0:24  Probe (Chrono Boost)  
  15  0:36  Probe (Chrono Boost)  
  15  0:37  Gateway  
  16  0:45  Probe (Chrono Boost)  
  16  0:46  Assimilator  
  17  0:51  Probe  
  18  1:03  Probe  
  19  1:15  Probe  
  20  1:23  Nexus  
  20  1:35  Cybernetics Core  
  20  1:37  Probe  
  21  1:44  Assimilator  
  21  1:49  Probe  
  22  1:54  Pylon  
  22  2:01  Probe  
  23  2:09  Adept (Chrono Boost)  
  23  2:13  Probe  
  23  2:15  Stargate  
  26  2:24  Warp Gate  
  26  2:26  Probe (Chrono Boost)  
  26  2:29  Adept (Chrono Boost)  
  27  2:35  Probe (Chrono Boost)  
  30  2:43  Probe (Chrono Boost)  
  32  2:44  Probe (Chrono Boost)  
  32  2:49  Probe (Chrono Boost)  
  32  2:50  Probe  
  33  2:53  Void Ray (Chrono Boost)  
  34  3:01  Probe  
  34  3:02  Probe  
  40  3:11  Pylon  
  40  3:13  Probe  
  40  3:14  Probe  
  42  3:26  Probe x2  
  44  3:27  Oracle  
  47  3:38  Probe x2  
  49  3:49  Nexus, Pylon  
  49  3:50  Probe  
  49  3:52  Probe  
  51  3:57  Assimilator  
  51  4:00  Stargate, Assimilator  
  52  4:04  Probe x2 (Chrono Boost)  
  53  4:11  Void Ray (Chrono Boost)  
  53  4:14  Pylon  
  55  4:18  Probe (Chrono Boost)  
  55  4:19  Probe (Chrono Boost)  
  55  4:23  Probe (Chrono Boost)  
  59  4:26  Probe  
  61  4:33  Probe  
  61  4:36  Shield Battery  
  62  4:38  Probe  
  62  4:40  Void Ray (Chrono Boost)  
  64  4:45  Probe  
  64  4:50  Probe  
  69  4:57  Void Ray (Chrono Boost), Probe  
  70  5:00  Probe  
  70  5:02  Probe  
  76  5:09  Probe  
  76  5:12  Probe  
  76  5:14  Void Ray (Chrono Boost), Probe  
  82  5:19  Forge  
  82  5:20  Twilight Council  
  83  5:22  Probe  
  83  5:25  Probe  
  85  5:34  Pylon  
  85  5:36  Assimilator, Pylon  
  85  5:38  Assimilator  
  85  5:46  Void Ray  
  85  5:52  Probe x3  
  85  5:53  Pylon  
  92  5:57  Charge  
  92  6:03  Void Ray  
  92  6:04  Probe x2  
  92  6:05  Probe, Gateway  
  92  6:08  Gateway  
  92  6:10  Gateway x2  
  99  6:11  Gateway  
  99  6:15  Gateway  
  99  6:16  Probe x2  
  101  6:19  Probe  
  101  6:23  Templar Archives  
  102  6:28  Zealot  
  102  6:29  Pylon  
  104  6:35  Shield Battery, Pylon  
  104  6:37  Pylon  
  104  6:42  Shield Battery  
  104  6:44  Shield Battery  
  104  6:46  Photon Cannon  
  104  6:48  Photon Cannon  
  104  6:50  Photon Cannon  
  104  6:51  Zealot  
  104  6:58  Shield Battery  
  104  6:59  Gateway  
  104  7:00  Gateway  
  104  7:08  Zealot x5  
  100  7:14  Zealot x2  
  92  7:28  Zealot x2  
  92  7:29  Zealot x3  
  89  7:32  Probe x3  
  89  7:38  Zealot x2  
  89  7:42  Gateway  
  89  7:43  Gateway  
Show
View Real Time Build Order
Export as new Build Order

Reynor Zerg - Winner!

Build Orders: Hatch First 

Get SALT Encoding   

  12  0:06  Drone  
  13  0:12  Overlord  
  13  0:16  Drone  
  14  0:31  Drone x2  
  16  0:48  Hatchery  
  15  0:52  Drone  
  15  0:55  Drone  
  17  1:00  Drone  
  18  1:11  Extractor  
  18  1:14  Spawning Pool  
  18  1:17  Drone  
  17  1:22  Drone  
  18  1:32  Drone  
  19  1:43  Drone  
  20  1:54  Overlord  
  20  1:59  Drone  
  21  2:01  Queen x2  
  21  2:07  Zergling x2  
  26  2:10  Zergling x2  
  26  2:15  Drone  
  28  2:21  Drone  
  29  2:26  Drone  
  29  2:29  Hatchery  
  29  2:34  Drone  
  30  2:37  Drone  
  30  2:41  Queen  
  33  2:47  Overlord  
  33  2:49  Drone  
  34  2:55  Metabolic Boost  
  34  2:56  Drone  
  34  2:58  Drone  
  36  3:05  Drone  
  36  3:08  Drone  
  36  3:11  Overlord  
  38  3:12  Queen  
  38  3:14  Drone  
  38  3:16  Drone  
  38  3:19  Drone  
  43  3:22  Drone  
  44  3:28  Overlord  
  44  3:33  Drone  
  45  3:36  Drone  
  45  3:41  Overlord, Queen  
  46  3:43  Drone  
  46  3:47  Queen  
  46  3:48  Drone  
  52  3:52  Drone  
  52  3:53  Drone x3  
  56  3:58  Drone x2  
  56  3:59  Spore Crawler  
  57  4:02  Queen  
  57  4:03  Drone  
  57  4:08  Drone  
  61  4:10  Spore Crawler, Drone  
  61  4:13  Overlord  
  61  4:18  Drone x3  
  64  4:24  Lair  
  64  4:26  Overlord  
  64  4:27  Zergling x4  
  65  4:31  Drone  
  65  4:33  Drone x2  
  65  4:35  Drone x3  
  71  4:40  Extractor, Roach Warren  
  71  4:41  Extractor, Drone  
  71  4:43  Drone  
  71  4:44  Overlord  
  70  4:47  Drone x2  
  70  4:51  Drone x3  
  75  4:57  Extractor  
  75  4:59  Spore Crawler  
  73  5:00  Drone x3  
  73  5:02  Overlord  
  73  5:05  Drone  
  73  5:06  Drone x2  
  73  5:07  Zergling x4  
  82  5:09  Queen  
  82  5:12  Overlord  
  84  5:14  Drone x3  
  84  5:18  Drone  
  84  5:19  Extractor  
  84  5:20  Extractor, Overlord  
  86  5:22  Overlord  
  86  5:26  Overlord  
  86  5:27  Queen  
  88  5:29  Queen  
  88  5:32  Overlord  
  90  5:40  Drone x2  
  91  5:43  Overlord  
  91  5:45  Overlord  
  91  5:46  Queen  
  91  5:49  Drone  
  94  5:53  Nydus Network  
  105  5:57  Roach x6  
  105  6:00  Roach x2  
  105  6:03  Queen  
  111  6:05  Overlord  
  111  6:07  Queen  
  113  6:13  Roach x2  
  113  6:14  Roach  
  113  6:15  Overlord  
  119  6:20  Roach x2  
  119  6:21  Roach  
  125  6:26  Ravager x4  
  125  6:28  Ravager x3  
  125  6:29  Nydus Canal  
  132  6:33  Ravager x2  
  132  6:34  Roach x2, Zergling x2  
  132  6:37  Queen  
  132  6:39  Queen  
  143  6:41  Roach x2  
  143  6:42  Zergling x2  
  143  6:44  Ravager  
  143  6:48  Roach x3  
  143  6:50  Zergling x4, Roach  
  143  6:54  Overlord  
  153  6:55  Queen  
  153  7:00  Roach x2, Zergling x2  
  155  7:02  Overlord  
  155  7:05  Roach, Zergling x2  
  158  7:11  Roach x2  
  158  7:12  Roach x2  
  165  7:16  Nydus Canal  
  165  7:21  Roach x3  
  171  7:24  Overlord  
  178  7:41  Nydus Canal  
Tags
 
Add a new tag
Caveats
  • Supply blocks, unpowered buildings, or Contaminate may cause inaccurate times.
  • Supply counts are checked every 10 seconds.